 Dungeon Crawl Stone Soup version 0.23-a0-449-g8e4cbf7 (webtiles) character file.

179 Amnesiac the Digger (level 5, 6/35 HPs)
             Began as a Demonspawn Earth Elementalist on Nov 22, 2018.
             Was an Initiate of Dithmenos.
             Quit the game on level 4 of the Dungeon.
             The game lasted 00:03:11 (1677 turns).

Amnesiac the Digger (Demonspawn Earth Elementalist) Turns: 1677, Time: 00:03:12

Health: 6/35       AC: 10    Str:  9    XL:     5   Next: 32%
Magic:  2/10       EV: 11    Int: 17    God:    Dithmenos [......]
Gold:   52         SH:  0    Dex: 13    Spells: 7/10 levels left

rFire    . . .     SeeInvis .   a - +2 trident (protect)
rCold    . . .     Gourm    .   (no shield)
rNeg     . . .     Faith    .   e - +0 leather armour
rPois    .         Spirit   +   (helmet restricted)
rElec    .         Reflect  .   n - scarf {Spirit}
rCorr    .         Harm     .   (no gloves)
MR       .....                  (no boots)
Stlth    ++........             (no amulet)
HPRegen  0.11/turn              (no ring)
MPRegen  0.12/turn              (no ring)

@: protection aura
A: horns 1, spiny 2
a: Renounce Religion


You were on level 4 of the Dungeon.
You worshipped Dithmenos.
Dithmenos was noncommittal.
You were not hungry.

You visited 1 branch of the dungeon, and saw 4 of its levels.

You collected 52 gold pieces.

Inventory:

Hand Weapons
 a - a +2 trident of protection (weapon)
 i - a +0 blowgun
Missiles
 b - 46 stones (quivered)
 j - 33 poisoned needles
Armour
 e - a +0 leather armour (worn)
 n - a scarf of spirit shield (worn)
Scrolls
 f - a scroll of teleportation {!r, unknown}
 g - a scroll of enchant weapon {!r, unknown}
 k - 2 scrolls of identify {!r, unknown}
Potions
 l - 2 potions of heal wounds {!q, unknown}
 m - a potion of agility {!q, unknown}
Comestibles
 d - 2 rations
 h - 5 chunks of flesh


   Skills:
 - Level 1.7 Dodging
 - Level 1.7 Stealth
 + Level 3.3 Spellcasting
 - Level 0.8 Transmutations
 * Level 4.8 Earth Magic


You had 7 spell levels left.
You knew the following spells:

 Your Spells              Type           Power        Failure   Level  Hunger
a - Sandblast             Erth           ###...       3%          1    None
b - Passwall              Tmut/Erth      ##......     11%         2    ##.....

Your spell library contained the following spells:

 Spells                   Type           Power        Failure   Level  Hunger
 Stone Arrow              Conj/Erth      ##....       26%         3    ###....
 Petrify                  Tmut/Erth      ##......     58%         4    ####...
 Lee's Rapid Deconstruct  Erth           ###.......   67%         5    ######.


Dungeon Overview and Level Annotations

Branches:
Dungeon (4/15)
 Temple: D:4-7

Altars:
Cheibriados
Dithmenos
Fedhas
Kikubaaqudgha
Qazlal
Ru


Innate Abilities, Weirdness & Mutations

You have a pair of small horns on your head.
You are mostly covered in sharp spines.


Message History

The hound barely misses you.
Some of the chunks of flesh in your inventory have rotted away.
You hit the hound but do no damage.
Your weapon exudes an aura of protection.
The hound is heavily wounded.
The hound closely misses you. The hound is struck by your spines.
The hound bites you but does no damage.
You barely miss the hound.
The hound is almost dead.
The hound is struck by your spines. The hound bites you but does no damage.
You barely miss the hound.
The hound is almost dead.
The hound bites you. The hound is struck by your spines.
You kill the hound!
Dithmenos accepts your kill.
You have reached level 5!
Your demonic ancestry asserts itself...
A pair of horns grows on your head!
Eating one of 6 chunks of flesh.
You eat one of the 6 chunks of flesh.
This raw flesh tastes terrible.
You start resting.
A worker ant comes into view.
A worker ant is nearby!
The worker ant twitches its antennae in your direction.
No target in view!
No target in view!
No target in view!
You hit the worker ant.
Your weapon exudes an aura of protection.
The worker ant is lightly wounded.
The worker ant is struck by your spines.
The worker ant bites you.
* * * LOW HITPOINT WARNING * * *
You hit the worker ant but do no damage.
The worker ant is lightly wounded.
The worker ant closely misses you. x2
You closely miss the worker ant.
The worker ant is lightly wounded.
The worker ant is struck by your spines.
The worker ant bites you.
* * * LOW HITPOINT WARNING * * *
You barely miss the worker ant.
The worker ant is moderately wounded.
The worker ant bites you.
* * * LOW HITPOINT WARNING * * *
The worker ant is struck by your spines.
The worker ant bites you but does no damage.
You are too injured to fight recklessly!
You are too injured to fight recklessly!
You are too injured to fight recklessly!
You are too injured to fight recklessly!
You are too injured to fight recklessly!
You closely miss the worker ant.
The worker ant is heavily wounded.
The worker ant is struck by your spines.
The worker ant bites you.
* * * LOW HITPOINT WARNING * * *
The worker ant barely misses you.
You puncture the worker ant!
Your weapon exudes an aura of protection.
You kill the worker ant!
Dithmenos accepts your kill.
Unknown command.
Are you sure you want to abandon this character and quit the game? (Confirm

###....####..#....
#<................
###....###..#.###
####.###..#.#
#....#....#
#[.####...##
#÷.###§..§§##
#..##§§..§§§##
#).#§§@.....§#..
#....§§.........
##.§§..._......#
#..§§§§.§.....#
###§§§§§§§..#.#
##§..§§§§##
#§..§§## ..§##


There were no monsters in sight!

Vanquished Creatures
  A hound (D:4)
  A centaur skeleton (D:4)
  A worker ant (D:4)
  An orc wizard (D:2)
  2 adders (D:3)
  An ooze (D:3)
  A dart slug (D:2)
  2 leopard geckos
  8 orcs
  2 bats (D:3)
  A giant cockroach (D:3)
  2 goblins
  8 jackals
  2 quokkas (D:3)
  A ball python (D:4)
  3 frilled lizards
  2 kobolds (D:3)
  A leopard gecko skeleton (D:4)
  2 rats
42 creatures vanquished.

Notes
Turn   | Place    | Note
-------+----------+-------------------------------------------
     0 | D:1      | Amnesiac the Demonspawn Earth Elementalist began the quest
                  | for the Orb.
     0 | D:1      | Reached XP level 1. HP: 13/13 MP: 3/3
   349 | D:2      | Reached skill level 3 in Earth Magic
   509 | D:2      | Gained mutation: You are partially covered in sharp spines.
                  | [demonic ancestry]
   509 | D:2      | Reached XP level 2. HP: 16/19 MP: 5/5
  1175 | D:2      | Gained mutation: You are mostly covered in sharp spines.
                  | [demonic ancestry]
  1175 | D:2      | Reached XP level 3. HP: 19/24 MP: 1/6
  1293 | D:3      | Found a sacrificial altar of Ru.
  1295 | D:3      | Found an ancient bone altar of Kikubaaqudgha.
  1329 | D:3      | Reached skill level 4 in Earth Magic
  1329 | D:3      | Reached XP level 4. HP: 30/30 MP: 8/8
  1333 | D:3      | Learned a level 2 spell: Passwall
  1350 | D:3      | Found a snail-covered altar of Cheibriados.
  1424 | D:3      | Found a blossoming altar of Fedhas.
  1428 | D:3      | Found a stormy altar of Qazlal.
  1615 | D:4      | Found a shadowy altar of Dithmenos.
  1622 | D:4      | Became a worshipper of Dithmenos the Shadowed
  1659 | D:4      | Gained mutation: You have a pair of small horns on your
                  | head. [demonic ancestry]
  1659 | D:4      | Reached XP level 5. HP: 13/35 MP: 3/9
  1677 | D:4      | Quit the game

Vault maps used:
D:1:      nzn_arrival_depleted_hourglass
D:2:      kennysheep_six_static_rooms, first_ration
D:3:      grunt_temple_overflow_forces_of_nature,
          nicolae_overflow_hidden_temple, uniq_ijyb
D:4:      nicolae_dithmenos_the_darkroom

Skill      XL: |  1  2  3  4 |
---------------+-------------+-----
Earth Magic    | 3 4 |  4.8
Spellcasting   | 3 |  3.3
Dodging        | |  1.7
Stealth        | |  1.7
Transmutations | |  0.8

Action                   |  1- 3 |  4- 6 || total
-------------------------+-------+-------++-------
Melee: Unarmed           |    14 |       ||    14
       Trident           |    57 |    39 ||    96
 Cast: Sandblast         |     4 |       ||     4
 Stab: Sleeping          |       |     1 ||     1
  Eat: Chunk             |     1 |     2 ||     3
Armor: Leather armour    |    36 |    14 ||    50
       Robe              |     1 |       ||     1
Dodge: Dodged            |    55 |    31 ||    86

Table legend:
 A = Non-vault XP
 B = Vault XP
 C = Vault XP percentage of total XP
 D = Non-vault monster count
 E = Vault monster count
 F = Vault count percentage of total count
                 A         B        C        D         E       F
            +---------+---------+-------+---------+---------+-------
      Total |     256 |       0 |   0.0 |      42 |       0 |   0.0
            +---------+---------+-------+---------+---------+-------
        D:1 |       5 |       0 |   0.0 |       2 |       0 |   0.0
        D:2 |      55 |       0 |   0.0 |      11 |       0 |   0.0
        D:3 |      67 |       0 |   0.0 |      20 |       0 |   0.0
        D:4 |     129 |       0 |   0.0 |       9 |       0 |   0.0
            +---------+---------+-------+---------+---------+-------
